 Dungeon Crawl Stone Soup version 0.24.1-8-ga250c9d538 (webtiles) character file.

Game seed: 3522392395269832206, levelgen mode: deterministic

662 Hugehornet the Insei (level 7, 0/43 HPs)
             Began as an Octopode Transmuter on May 6, 2020.
             Slain by Grinder (5 damage)
             ... while paralysed by Grinder
             ... on level 5 of the Dungeon.
             The game lasted 00:11:22 (5053 turns).

Hugehornet the Insei (Octopode Transmuter)          Turns: 5053, Time: 00:11:23

Health: 0/43       AC:  2    Str:  9    XL:     7   Next: 56%
Magic:  11/13      EV:  5    Int: 18    God:
Gold:   265        SH:  0    Dex: 17    Spells: 3/14 levels left

rFire    . . .     SeeInvis .     - Unarmed
rCold    . . .     Gourm    .   (shield currently unavailable)
rNeg     . . .     Faith    .   (helmet currently unavailable)
rPois    x         Spirit   .   i - +5 amulet of reflection
rElec    .         Reflect  +   (no ring)
rCorr    .         Harm     .   (no ring)
MR       .....                  (no ring)
Stlth    ++........             (no ring)
HPRegen  0.14/turn              (no ring)
MPRegen  0.13/turn              (no ring)
                                (no ring)
                                (no ring)

@: paralysed, spider-form (expiring)
A: tiny, almost no armour, stealthy swim, (amphibious), 8 rings, (constrict 8)
a: End Transformation


You were on level 5 of the Dungeon.
You were not hungry.
You were a venomous arachnid creature.
You visited 2 branches of the dungeon, and saw 6 of its levels.

You collected 265 gold pieces.

Inventory:

Missiles
 a - 45 arrows
Jewellery
 b - an uncursed ring of fire
 i - a +5 amulet of reflection (around neck)
Wands
 q - a wand of paralysis (7)
 v - a wand of random effects (19)
Scrolls
 f - a scroll of magic mapping {unknown}
 g - 2 scrolls of remove curse
 k - a scroll of fear {unknown}
 m - 2 scrolls of teleportation
 p - 3 scrolls of amnesia {unknown}
Potions
 d - a potion of lignification
 e - 2 potions of brilliance
 h - 2 potions of ambrosia
 j - a potion of curing
 l - a potion of cancellation
 n - a potion of haste {unknown}
 o - 3 potions of resistance
 r - a potion of heal wounds {unknown}
 s - 2 potions of flight
 t - a potion of degeneration {unknown}
Comestibles
 c - 10 rations


   Skills:
 - Level 1.0 Fighting
 - Level 2.0 Dodging
 + Level 5.5 Unarmed Combat
 - Level 4.0 Spellcasting
 * Level 0.0 Conjurations
 - Level 1.4 Translocations
 - Level 5.0 Transmutations
 * Level 0.0 Air Magic
 - Level 1.0 Poison Magic


You had 3 spell levels left.
You knew the following spells:

 Your Spells              Type           Power        Failure   Level  Hunger
a - Beastly Appendage     Tmut           ###...       8%          1    None
b - Sticks to Snakes      Tmut           ###.....     10%         2    ##.....
c - Spider Form           Tmut/Pois      ##........   30%         3    ###....
d - Blink                 Tloc           N/A          28%         2    ##.....
e - Mephitic Cloud        Conj/Pois/Air  #.......     58%         3    ###....

Your spell library contained the following spells:

 Spells                   Type           Power        Failure   Level  Hunger
 Magic Dart               Conj           #...         32%         1    None
 Call Imp                 Summ           #.......     43%         2    ##.....
 Slow                     Hex            #.......     43%         2    ##.....
 Conjure Flame            Conj/Fire      #.......     63%         3    ###....
 Ice Form                 Ice/Tmut       ##......     67%         4    ####...
 Blade Hands              Tmut           ###.......   67%         5    ######.


Dungeon Overview and Level Annotations

Branches:
Dungeon (5/15)             Temple (1/1) D:4

Altars:
Ashenzari
Dithmenos
Elyvilon
Fedhas
Hepliaklqana
Kikubaaqudgha
Makhleb
Nemelex Xobeh
Okawaru
Qazlal
Ru
Trog
Uskayaw
Vehumet
Yredelemnul
Zin
The Shining One

Shops:
D:4 [

Annotations:
D:5 Grinder, Prince Ribbit


Innate Abilities, Weirdness & Mutations

You cannot wear most types of armour.
You are very stealthy in the water. (Stealth+)
((You are amphibious.))
You can wear up to eight rings at the same time.
((You can use your tentacles to constrict eight enemies at once.))
((Your skin changes colour to match your surroundings (Stealth+).))
((Your rubbery body absorbs attacks. (AC +1, EV +1)))


Message History

You hit Grinder.
Grinder is poisoned.
Grinder is moderately wounded.
Your transformation is almost over.
Grinder gestures at you. Pain shoots through your body!
You hit Grinder but do no damage.
Grinder is moderately wounded.
Grinder gestures at you.
You suddenly lose the ability to move!
Grinder hits you!
You writhe in agony.
Grinder completely misses you.
Grinder says, "Don't move a muscle."
Grinder gestures at you. Pain shoots through your body!
Grinder gestures at you. Pain shoots through your body!
* * * LOW HITPOINT WARNING * * *
Grinder grins, showing sharp teeth.
Grinder hits you.
You die...

#.# ##.# ####.# # #..
#).# ### # #.. #.## #
##.# # #..# #
#.######## #
##.##.....### #
#..##.......# .
#s###......# ..
##5##......#
...##.F##...###########
.....................#
.#..................
###...###############
#...# #...# #####..#


You could see Prince Ribbit (wandering) and Grinder.

Vanquished Creatures
  Duvessa (D:5)
  An ogre (D:5)
  A necrophage (D:5)
  Dowan (D:5)
  2 hounds
  An orc priest (D:4)
  A bullfrog skeleton (D:4)
  A worker ant (D:5)
  3 gnolls (D:5)
  7 adders
  An adder skeleton (D:5)
  3 worms
  A dart slug (D:2)
  4 orcs
  4 giant cockroaches
  5 goblins
  6 hobgoblins
  5 jackals
  A quokka (D:2)
  3 ball pythons
  10 bats
  6 frilled lizards
  A jackal skeleton (D:4)
  8 kobolds
  10 rats
87 creatures vanquished.

Vanquished Creatures (collateral kills)
  A gnoll (D:5)
  A ball python (D:5)
2 creatures vanquished.

Grand Total: 89 creatures vanquished

Notes
Turn   | Place    | Note
-------+----------+-------------------------------------------
     0 | D:1      | Hugehornet the Octopode Transmuter began the quest for the
                  | Orb.
     0 | D:1      | Reached XP level 1. HP: 13/13 MP: 3/3
   187 | D:1      | Reached XP level 2. HP: 18/18 MP: 3/5
   348 | D:1      | Learned a level 2 spell: Sticks to Snakes
   928 | D:2      | Reached XP level 3. HP: 22/23 MP: 4/6
   933 | D:2      | Learned a level 3 spell: Spider Form
  1701 | D:3      | Reached XP level 4. HP: 26/28 MP: 5/7
  1859 | D:3      | Reached skill level 1 in Poison Magic
  2414 | D:3      | Found a hazy altar of Hepliaklqana.
  2713 | D:4      | Reached XP level 5. HP: 31/33 MP: 6/8
  2997 | D:4      | Found a staircase to the Ecumenical Temple.
  3021 | Temple   | Entered the Ecumenical Temple
  3378 | D:4      | Learned a level 2 spell: Blink
  3384 | D:4      | Reached XP level 6. HP: 24/38 MP: 7/9
  3573 | D:4      | Found Hamuuma's Armour Emporium.
  3651 | D:4      | Found a blossoming altar of Fedhas.
  3726 | D:5      | Entered Level 5 of the Dungeon
  3726 | D:5      | Noticed Prince Ribbit
  3726 | D:5      | Noticed Grinder
  3726 | D:5      | Noticed a phantom
  3777 | D:5      | Reached skill level 5 in Transmutations
  4156 | D:5      | Noticed a necrophage
  4165 | D:5      | Killed a necrophage
  4165 | D:5      | Reached skill level 5 in Unarmed Combat
  4165 | D:5      | Reached skill level 1 in Translocations
  4224 | D:5      | Noticed Duvessa
  4224 | D:5      | Noticed Dowan
  4471 | D:5      | Killed Duvessa
  4471 | D:5      | Reached XP level 7. HP: 27/43 MP: 7/11
  4479 | D:5      | Killed Dowan
  4930 | D:5      | Learned a level 3 spell: Mephitic Cloud
  5048 | D:5      | Paralysed by Grinder for 7 turns
  5053 | D:5      | Slain by Grinder

Levels and vault maps discovered:
D:1:      dpeg_arrival_arbitrary_a, layout_basic
D:2:      layout_rooms
D:3:      layout_loops_cross, overflow_temple_1_default
D:4:      layout_basic, fedhas_altar_fruit_tree, minmay_temple_entry_tees,
          serial_shops, shop
D:5:      layout_cave_pods, grunt_temple_overflow_open, first_ration,
          uniq_duvessa, uniq_prince_ribbit1, uniq_grinder, uniq_blork_the_orc
Temple:   regret_index_temple_waves

Skill      XL: |  1  2  3  4  5  6  7 |
---------------+----------------------+-----
Transmutations | 3 4 5 |  5.0
Poison Magic   | 1 |  1.0
Unarmed Combat | 4 5 |  5.5
Translocations | 1 |  1.4
Spellcasting   | 4 |  4.0
Fighting       | |  1.0
Dodging        | |  2.0

Action                   |  1- 3 |  4- 6 |  7- 9 || total
-------------------------+-------+-------+-------++-------
Melee: Unarmed           |    96 |   133 |    19 ||   248
       Constrict         |    24 |    26 |       ||    50
       Tentacles         |    12 |    15 |       ||    27
       Kick              |    10 |    20 |       ||    30
       Punch             |       |     3 |       ||     3
 Cast: Beastly Appendage |    27 |    25 |     1 ||    53
       Spider Form       |       |     4 |     3 ||     7
       Sticks to Snakes  |       |     4 |       ||     4
  Use: Scroll            |     2 |     6 |       ||     8
       Potion            |       |       |     2 ||     2
 Stab: Sleeping          |     7 |     6 |       ||    13
  Eat: Chunk             |     3 |     9 |     3 ||    15
Armor: Skin              |    12 |     7 |       ||    19
Dodge: Dodged            |    59 |    71 |    11 ||   141
Block: Other             |     2 |    26 |     3 ||    31
       Reflection        |       |     2 |     1 ||     3
